 Dungeon Crawl Stone Soup version 0.31-b1-22-gc680215f68 (webtiles) character file.

Game seed: 18053988519146002108

7061 hawla the Gouger (level 10, -1/73 HPs)
             Began as a Felid Shapeshifter on Jan 18, 2024.
             Was a Follower of Makhleb.
             Slain by a killer bee (7 damage)
             ... on level 11 of the Dungeon.
             The game lasted 00:33:56 (10706 turns).

hawla the Gouger (Felid Shapeshifter)              Turns: 10706, Time: 00:33:58

Health: -1/73      AC: 25    Str: 14    XL:     10   Next: 83%
Magic:  13/13      EV:  4    Int: 21    God:    Makhleb [*.....]
Gold:   97         SH:  0    Dex: 21    Spells: 9/9 levels left
                                        Lives:  0   Deaths: 4

rFire   + .          .
                       - Unarmed
rCold   . . .        (shield unavailable)
rNeg    . . .        (body armour unavailable)
rPois   +            (helmet unavailable)
rElec   .            (cloak unavailable)
rCorr   .            (gloves unavailable)
SInv    +            (boots unavailable)
Will    .....        (no amulet)
Stlth   +            h - ring of Dishonesty {rF+ Will- Int+6 Dex+6}
HPRegen 0.32/turn    q - +5 ring of evasion
MPRegen 0.13/turn

%: no passive effects
@: confused, tree-form, ambrosia-drunk
A: stationary, stasis, torment immunity, boosted hp, very small, (claws 1),
(fangs 3), see invisible, (shaggy fur 2), (stealthy paws), no weapons or thrown
items, no armour, multi-lived, noise suppression
a: Renounce Religion


You were on level 11 of the Dungeon.
You worshipped Makhleb.
Makhleb was aware of your devotion.
You were a tree.
You visited 2 branches of the dungeon, and saw 12 of its levels.

You collected 1563 gold pieces.
You spent 1466 gold pieces at shops.

Inventory:

Jewellery
 h - the ring of Dishonesty (left branch) {rF+ Will- Int+6 Dex+6}
   (You took it off a kobold on level 2 of the Dungeon)

   [ring of dexterity]

   Int+6:     It affects your intelligence (+6).
   Dex+6:     It affects your dexterity (+6).
   rF+:       It protects you from fire.
   Will-:     It decreases your willpower.
 p - a ring of flight
 q - a +5 ring of evasion (right branch)
Talismans
 b - a beast talisman
 c - a flux talisman
 j - a talisman of death
 m - a maw talisman (active)
 u - a blade talisman
Wands
 a - a wand of mindburst (1)
 o - a wand of flame (1) (quivered)
Scrolls
 d - a scroll of immolation
 f - 5 scrolls of teleportation
 k - 4 scrolls of fog
 l - 3 scrolls of revelation
Potions
 e - a potion of brilliance
 g - a potion of ambrosia
 i - 3 potions of magic
 n - a potion of resistance
 r - a potion of curing
 t - 2 potions of enlightenment
 v - a potion of attraction
Miscellaneous
 w - a phial of floods (inert)


   Skills:
 + Level 4.0 Fighting
 - Level 5.0 Dodging
 + Level 4.0 Stealth
 + Level 10.4 Unarmed Combat
 + Level 2.7 Invocations
 - Level 3.0 Evocations
 - Level 10.0 Shapeshifting


You had 9 spell levels left.
You didn't know any spells.
Your spell library contained the following spells:

 Spells                   Type           Power      Damage    Failure   Level
 Summon Small Mammal      Summ           0%         N/A       19%         1
 Call Canine Familiar     Summ           0%         N/A       47%         3
 Dazzling Flash           Conj/Hex       0%         N/A       47%         3
 Mephitic Cloud           Conj/Alch/Air  0%         N/A       47%         3
 Ozocubu's Armour         Ice            0%         N/A       47%         3
 Stone Arrow              Conj/Erth      0%         3d7       47%         3
 Anguish                  Hex/Necr       0%         N/A       87%         4
 Cause Fear               Hex            0%         N/A       87%         4
 Ignite Poison            Fire/Alch      0%         N/A       87%         4
 Sticky Flame             Fire/Alch      0%         2d4       87%         4
 Summon Blazeheart Golem  Fire/Summ      0%         N/A       87%         4
 Curse of Agony           Necr           0%         N/A       99%         5
 Metabolic Englaciation   Hex/Ice        0%         N/A       99%         5
 Silence                  Hex/Air        0%         N/A       99%         5
 Sculpt Simulacrum        Ice/Alch       0%         N/A       100%        6
 Enfeeble                 Hex            0%         N/A       100%        7
 Ignition                 Fire           0%         3d3       100%        8
 Lehudib's Crystal Spear  Conj/Erth      0%         10d2      100%        8
 Animate Armour           Summ/Erth      Unusable   N/A       N/A         4

Dungeon Overview and Level Annotations

Branches:
Dungeon (11/15)            Temple (1/1) D:7            Lair (0/5) D:8
    Orc: D:9-12

Altars:
Ashenzari
Cheibriados
Dithmenos
Elyvilon
Fedhas
Gozag
Hepliaklqana
Kikubaaqudgha
Makhleb
Nemelex Xobeh
Okawaru
Qazlal
Ru
Sif Muna
Trog
Uskayaw
Vehumet
Wu Jian
Xom
Yredelemnul
Zin
The Shining One

Shops:
D:1 =*?   D:3 (   D:7 !   D:9 (   D:10 *

Annotations:
D:3 1 runed translucent door, laqueoix's ghost, amateur OnGl
D:5 3 runed translucent doors, drcatpants2's ghost, novice OpSh; hawla's ghost, amateur FeSh


Innate Abilities, Weirdness & Mutations

You are a tree.
Your roots penetrate the ground, keeping you stationary.
You cannot be teleported.
You are immune to unholy pain and torment.
Your maximum health is greatly increased.
((You have sharp claws.))
((You have razor-sharp teeth.))
You have supernaturally acute eyesight. (SInv)
((You are covered in thick fur. (AC +2)))
((Your paws help you pounce on unaware monsters.))
You are incapable of wielding weapons or throwing items.
You cannot wear armour.
You gain extra lives every three experience levels.
You passively dampen the noise of your surroundings.


Message History

The killer bee completely misses you. The killer bee closely misses you.
The killer bee misses you.
You claw the killer bee!
You kill the killer bee!
Makhleb accepts your kill.
You feel better. The killer bee misses you.
The killer bee completely misses you. The killer bee stings you!
* * * LOW HITPOINT WARNING * * *
The killer bee misses you. The killer bee closely misses you.
Char dumped successfully.
You feel better. The killer bee misses you. The killer bee stings you!
* * * LOW HITPOINT WARNING * * *
The killer bee completely misses you. The killer bee barely misses you.
The killer bee misses you. x2
Your transformation has ended.
You turn into a tree.
Your roots penetrate the ground.
The killer bee stings you but does no damage. x6
You feel better. The killer bee stings you.
* * * LOW HITPOINT WARNING * * *
The killer bee barely misses you. x2; The killer bee stings you.
* * * LOW HITPOINT WARNING * * *
The killer bee stings you but does no damage. x2
You are confused.
You feel invigorated.
The killer bee stings you but does no damage.
The killer bee stings you.
* * * LOW HITPOINT WARNING * * *
The killer bee stings you but does no damage. x2
The killer bee stings you.
* * * LOW HITPOINT WARNING * * *
The killer bee stings you but does no damage.
You cannot move. (Use ctrl+direction or * direction to attack while stationary and confused.)
You completely miss the killer bee.
The killer bee stings you but does no damage. x2
The killer bee stings you.
* * * LOW HITPOINT WARNING * * *
A kobold demonologist comes into view. It is wielding a +0 dagger.
The killer bee stings you but does no damage.
The killer bee stings you!
You die...

.#
#.............#
.#
########'######
.# #..# ## ##.#
#.##### #.....#
#####.#
########.##
......y♣..#
......yy..#
.>........#
.......?..#
..........#
..........#
K##########


You could see a kobold demonologist (wandering) and 3 killer bees.

Vanquished Creatures
  Snorg (D:11)
  A two-headed ogre (D:9)
  Maurice (D:9)
  A komodo dragon (D:8)
  Psyche (D:9)
  2 hornets (D:8)
  4 yaks (D:9)
  A wyvern (D:8)
  2 steam dragons
  Edmund (D:4)
  An acid dragon (D:11)
  3 orc warriors
  4 ice beasts
  2 ogres (D:5)
  2 centaurs
  2 phantoms
  3 kobold brigands
  2 bullfrogs
  A scorpion (D:6)
  8 wights
  2 killer bees (D:11)
  7 howler monkeys
  3 bombardier beetles
  6 hounds
  5 orc priests
  3 jellies
  2 sleepcaps
  An iguana (D:5)
  6 orc wizards
  Robin (D:4)
  2 adders (D:2)
  2 gnolls (D:2)
  5 shadow imps
  9 white imps
  7 ufetubi
  2 dart slugs
  2 ribbon worms
  29 orcs
  6 endoplasms
  A giant cockroach (D:4)
  11 goblins
  10 hobgoblins
  3 jackals (D:2)
  5 quokkas
  14 ball pythons
  2 bats
  2 frilled lizards (D:2)
  18 kobolds
  3 rats
212 creatures vanquished.

Notes
Turn   | Place    | Note
-------+----------+-------------------------------------------
     0 | D:1      | hawla the Felid Shapeshifter began the quest for the Orb.
     0 | D:1      | Reached XP level 1. HP: 10/10 MP: 2/2
    37 | D:1      | Found Lozaowo's General Store.
   207 | D:1      | Found Tagomah's Jewellery Shop.
   230 | D:1      | Reached XP level 2. HP: 11/14 MP: 3/3
   557 | D:1      | Found Comi's Magic Scroll Shop.
   566 | D:1      | Bought a scroll of fear for 44 gold pieces
   922 | D:2      | Found a faded altar of an unknown god.
   946 | D:2      | Reached XP level 3. HP: 15/18 MP: 4/4
  1111 | D:3      | Found a glowing silver altar of Zin.
  1151 | D:2      | Gained mutation: You passively dampen the noise of your
                  | surroundings. [potion of mutation]
  1331 | D:2      | Identified the ring of Dishonesty {rF+ Will- Int+6 Dex+6}
  1537 | D:2      | Reached XP level 4. HP: 23/23 MP: 5/5
  1537 | D:2      | Gained a life (2 lives remaining)
  1794 | D:3      | Found Mout's Antique Weapon Boutique.
  1921 | D:3      | Found a runed translucent door.
  1983 | D:3      | Noticed laqueoix's ghost (amateur OnGl)
  1983 | D:3      | Noticed a sky beast
  2566 | D:4      | Noticed a kobold brigand
  2572 | D:4      | Slain by a kobold brigand
  2572 | D:4      | Lost a life (1 life remaining)
  2599 | D:4      | Killed a kobold brigand
  2600 | D:4      | Reached XP level 5. HP: 15/27 MP: 6/6
  2665 | D:4      | Found an ornate altar of the Wu Jian Council.
  2704 | D:4      | Noticed Robin
  2731 | D:4      | Killed Robin
  2838 | D:4      | Gained mutation: You are covered in thick fur. (AC +2)
                  | [Felid growth]
  2838 | D:4      | Reached XP level 6. HP: 32/32 MP: 7/7
  3008 | D:4      | Noticed Edmund
  3037 | D:5      | Entered Level 5 of the Dungeon
  3128 | D:5      | Found a runed translucent gate.
  3451 | D:5      | Found a blossoming altar of Fedhas.
  3497 | D:5      | Found a runed translucent gate.
  3498 | D:5      | Found a runed translucent gate.
  3591 | D:5      | Reached XP level 7. HP: 27/35 MP: 8/8
  3591 | D:5      | Gained a life (2 lives remaining)
  3653 | D:5      | Reached skill level 5 in Unarmed Combat
  3653 | D:5      | Reached skill level 5 in Shapeshifting
  3750 | D:5      | Noticed drcatpants2's ghost (novice OpSh)
  3750 | D:5      | Noticed hawla's ghost (amateur FeSh)
  3750 | D:5      | Noticed hawla's ghost (amateur FeSh)
  3794 | D:4      | Killed Edmund
  3896 | D:4      | Killed from afar by an orc priest
  3896 | D:4      | Lost a life (1 life remaining)
  3900 | D:4      | Identified a scroll of acquirement
  3900 | D:4      | Acquired 996 gold pieces
  3928 | D:4      | Killed from afar by a white imp
  3928 | D:4      | Lost a life (0 lives remaining)
  4077 | D:1      | Bought a talisman of death for 1120 gold pieces
  4097 | D:1      | Bought a scroll of revelation for 82 gold pieces
  4649 | D:6      | Reached XP level 8. HP: 27/39 MP: 9/9
  5080 | D:6      | Found a shadowy altar of Dithmenos.
  5444 | D:6      | Found a radiant altar of Vehumet.
  5448 | D:6      | Found a shimmering altar of Xom.
  5449 | D:6      | Found a white marble altar of Elyvilon.
  5449 | D:6      | Found an iron altar of Okawaru.
  5452 | D:6      | Found a hide-covered altar of Uskayaw.
  5453 | D:6      | Found a stormy altar of Qazlal.
  5454 | D:6      | Found a sparkling altar of Nemelex Xobeh.
  5750 | D:8      | Found an opulent altar of Gozag.
  5771 | D:8      | Noticed a hornet
  5778 | D:8      | Killed a hornet
  5779 | D:8      | Reached XP level 9. HP: 43/43 MP: 10/10
  6144 | D:7      | Found a staircase to the Ecumenical Temple.
  6201 | Temple   | Entered the Ecumenical Temple
  6220 | Temple   | Became a worshipper of Makhleb the Destroyer
  6719 | D:7      | Found Xenguude's Distillery.
  6804 | D:7      | Bought a potion of attraction for 39 gold pieces
  6804 | D:7      | Bought a potion of lignification for 39 gold pieces
  6804 | D:7      | Bought a potion of heal wounds for 65 gold pieces
  7052 | D:8      | Found a staircase to the Lair.
  7288 | D:8      | Noticed a komodo dragon
  7297 | D:8      | Killed a komodo dragon
  7702 | D:8      | Reached skill level 10 in Unarmed Combat
  8212 | D:9      | Noticed Psyche
  8220 | D:9      | Killed Psyche
  8279 | D:9      | Reached * piety under Makhleb
  8321 | D:9      | Reached XP level 10. HP: 43/47 MP: 11/11
  8321 | D:9      | Gained a life (1 life remaining)
  8447 | D:9      | Found Zysaf's Antique Weapon Boutique.
  8449 | D:9      | Noticed Maurice
  8452 | D:9      | Maurice stole a blade talisman
  8453 | D:9      | Maurice stole a ring of flight
  8455 | D:9      | Maurice stole 62 gold
  8462 | D:9      | Killed Maurice
  8599 | D:9      | Found a hazy altar of Hepliaklqana.
  8599 | D:9      | Noticed a two-headed ogre
  8904 | D:4      | Reached skill level 10 in Shapeshifting
  9028 | D:1      | Bought a scroll of teleportation for 33 gold pieces
  9028 | D:1      | Bought a scroll of fog for 44 gold pieces
  9381 | D:9      | Found a broken altar of Ashenzari.
  9468 | D:9      | Mangled by a two-headed ogre
  9468 | D:9      | Lost a life (0 lives remaining)
  9486 | D:9      | Killed a two-headed ogre
  9487 | D:9      | Reached skill level 1 in Stealth
  9487 | D:9      | Reached skill level 1 in Invocations
  9487 | D:9      | Reached skill level 1 in Evocations
  9600 | D:9      | Reached skill level 5 in Dodging
  9785 | D:10     | Entered Level 10 of the Dungeon
  9841 | D:10     | Found Gailim's Overcharged Wands.
 10148 | D:10     | Identified the +3 dagger of Uskayaw's Displeasure {vamp,
                  | Int+3 Stlth+}
 10603 | D:11     | Noticed Snorg
 10603 | D:11     | Noticed a gargoyle
 10690 | D:11     | Killed Snorg
 10702 | D:11     | HP: 1/49 [killer bee (9)]
 10706 | D:11     | Slain by a killer bee

Illustrated notes

Levels and vault maps discovered:
D:1:      sevenhm_arrival_forest_fort_small_5, layout_loops_ring, serial_shops,
          shop, nicolae_shop_hallway_plus, nicolae_shop_just_a_little_nook
D:2:      layout_basic, basic_ecumenical_altar, grunt_decor_junction,
          st_stairs_2
D:3:      layout_loops_ring, mainiacjoe_overflow_concentric_impassable,
          ebering_ghost_inner_flame, serial_shops, nicolae_shop_stone
D:4:      layout_rooms, lemuel_doored_altar, serial_demonic, serial_demonic_e,
          serial_demonic_d, serial_demonic_d, serial_demonic_e,
          minmay_manual_monstrance, uniq_robin, uniq_edmund
D:5:      layout_cave_pools, mainiacjoe_overflow_tiny_flanked,
          gammafunk_ghost_cemetery
D:6:      layout_cave_pools, mainiacjoe_overflow_alcove_4, minitemple,
          fountainhead
D:7:      hellmonk_crumbling_castle, layout_basic, serial_shops,
          nicolae_shop_statue_plus, minivault_24
D:8:      layout_basic, grunt_gozag_statues, lair_entry_dummy
D:9:      layout_roguey, nicolae_ashenzari_skybound, general_overflow_altar,
          serial_shops, nicolae_shop_stone, chequers_serial_rivers_small_b,
          uniq_maurice, uniq_psyche
D:10:     layout_basic, nicolae_shop_overcharged_wands
D:11:     layout_roguey, ebering_ghost_xom, uniq_snorg
Temple:   nicolae_temple_superstar

Skill      XL: |  1  2  3  4  5  6  7  8  9 10 |
---------------+-------------------------------+-----
Dodging        | 3 4 5 |  5.0
Shapeshifting  | 3 4 6 7 9 10 | 10.0
Fighting       | 2 4 |  4.0
Unarmed Combat | 4 6 8 10 | 10.4
Stealth        | 4 |  4.0
Invocations    | 2 |  2.7
Evocations     | 3 |  3.0

Action                     |  1- 3 |  4- 6 |  7- 9 | 10-12 || total
---------------------------+-------+-------+-------+-------++-------
  Melee: Unarmed           |   104 |   155 |   313 |   137 ||   709
         Bite              |     8 |    21 |    39 |    21 ||    89
         Punch             |     3 |     5 |     6 |     8 ||    22
         Maw               |       |       |       |    24 ||    24
  Evoke: Wand              |       |       |       |    14 ||    14
         Phial of floods   |       |       |       |     1 ||     1
    Use: Scroll            |     5 |     8 |    10 |     2 ||    25
         Potion            |     2 |     2 |     1 |     8 ||    13
   Stab: Sleeping          |       |     1 |     1 |       ||     2
 Armour: Skin              |    33 |    50 |    84 |    63 ||   230
  Dodge: Dodged            |    85 |   126 |   270 |   162 ||   643
   Form: Death             |       |       |     1 |       ||     1
         Flux              |       |       |     1 |       ||     1
         Maw               |       |       |       |     1 ||     1
